 Dungeon Crawl Stone Soup version 0.31-a0-329-g52107efa6a (webtiles) character file.

Game seed: 16778052105973760940

89 BritishOli the Trooper (level 4, 0/37 HPs)
             Began as a Demonspawn Fighter on July 19, 2023.
             Killed from afar by an orc wizard (4 damage)
             ... with a puff of flame
             ... on level 3 of the Dungeon.
             The game lasted 00:02:32 (1822 turns).

BritishOli the Trooper (Demonspawn Fighter)         Turns: 1822, Time: 00:02:32

Health: 0/37       AC:  6    Str: 19    XL:     4   Next: 31%
Magic:  4/4        EV:  9    Int:  9    God:
Gold:   139        SH:  0    Dex: 12    Spells: 3/3 levels left

rFire   . . .        a - +0 long sword
rCold   . . .        c - +0 buckler
rNeg    . . .        b - +0 scale mail
rPois   .            (no helmet)
rElec   .            (no cloak)
rCorr   .            (no gloves)
SInv    .            (no boots)
Will    .....        (no amulet) Stlth
                     (no ring)
HPRegen 0.26/turn    (no ring)
MPRegen 0.09/turn

%: no passive effects
@: confused
A: hooves 1, foul stench 1
a: no special abilities


You were on level 3 of the Dungeon.
You visited 1 branch of the dungeon, and saw 3 of its levels.

You collected 139 gold pieces.

Inventory:

Hand Weapons
 a - a +0 long sword (weapon)
Armour
 b - a +0 scale mail (worn)
 c - a +0 buckler (worn)
Jewellery
 l - a ring of willpower
 o - a ring of positive energy
Scrolls
 f - 2 scrolls of enchant weapon {unknown}
 i - a scroll of enchant armour {unknown}
 j - a scroll of revelation {unknown}
 m - a scroll of fog {unknown}
Potions
 d - a potion of might
 e - a potion of degeneration {unknown}
 g - 2 potions of curing {unknown}
 h - a potion of lignification {unknown}
 k - a potion of heal wounds {unknown}
 n - a potion of enlightenment {unknown}


   Skills:
 + Level 3.6 Fighting
 + Level 2.5 Long Blades
 + Level 3.2 Armour
 + Level 3.3 Shields


You had 3 spell levels left.
You didn't know any spells.
Your spell library contained the following spells:

 Spells                   Type           Power      Damage    Failure   Level
 Magic Dart               Conj           0%         1d3       83%         1
 Call Imp                 Summ           0%         N/A       92%         2
 Mephitic Cloud           Conj/Pois/Air  0%         N/A       99%         3


Dungeon Overview and Level Annotations

Branches:
Dungeon (3/15)

Altars:


Innate Abilities, Weirdness & Mutations

You have large cloven feet.
You may rarely emit foul miasma when damaged in melee.


Message History

You hear some strange, mumbled words.
A magic dart appears from out of thin air!
The magic dart hits you. The orc hits you but does no damage.
You closely miss the orc. The orc hits you but does no damage.
Something hits you but does no damage.
You closely miss the orc. You kick the orc.
The orc is severely wounded.
Something hits you but does no damage. The orc closely misses you.
You closely miss the orc.
The orc is severely wounded.
Something hits you but does no damage. The orc hits you with a +0 dagger.
* * * LOW HITPOINT WARNING * * *
You bump into the stone wall.
The orc hits you with a +0 dagger.
* * * LOW HITPOINT WARNING * * *
Something hits you.
* * * LOW HITPOINT WARNING * * *
You bump into the rock wall.
The orc hits you with a +0 dagger.
* * * LOW HITPOINT WARNING * * *
Something hits you.
* * * LOW HITPOINT WARNING * * *
You emit a cloud of foul miasma!
The orc attacks as you move away! The orc hits you but does no damage.
You bump into the rock wall.
The orc hits you with a +0 dagger.
* * * LOW HITPOINT WARNING * * *
Something hits you but does no damage.
You bump into the rock wall.
Something hits you but does no damage. The orc hits you but does no damage.
You miss the orc. Your kick misses the orc.
The orc is severely wounded.
The orc closely misses you. Something hits you.
* * * LOW HITPOINT WARNING * * *
You hear some strange, mumbled words.
Something tries to affect you, but you resist.
The orc hits you but does no damage.
You slash the orc!
You kill the orc!
You hear some strange, mumbled words.
A puff of flame appears from out of thin air!
The puff of flame hits you.
You die...

.#....$
.......
.......
....... .....
...##.#
###).....#
#.########..#
#......@)...#
#..#####{°<.#
#.##.#
P#.##.#P
###.##.#P#
#.##.#.#
..##.# #
.....# ### ##


There were no monsters in sight!

Vanquished Creatures
  Terence (D:2)
  An adder (D:2)
  2 worms (D:2)
  2 dart slugs
  3 orcs (D:3)
  5 ball pythons
  2 endoplasms (D:1)
  A giant cockroach (D:1)
  2 goblins (D:1)
  2 hobgoblins (D:1)
  8 kobolds
  3 quokkas
  6 bats
  4 frilled lizards
  2 rats (D:1)
44 creatures vanquished.

Notes
Turn   | Place    | Note
-------+----------+-------------------------------------------
     0 | D:1      | BritishOli the Demonspawn Fighter began the quest for the
                  | Orb.
     0 | D:1      | Reached XP level 1. HP: 18/18 MP: 1/1
   147 | D:1      | Gained mutation: You may rarely emit foul miasma when
                  | damaged in melee. [demonic ancestry]
   147 | D:1      | Reached XP level 2. HP: 9/24 MP: 2/2
   827 | D:1      | Reached XP level 3. HP: 29/29 MP: 3/3
  1093 | D:2      | Found a faded altar of an unknown god.
  1560 | D:2      | Noticed Terence
  1568 | D:2      | Killed Terence
  1569 | D:2      | Gained mutation: You have large cloven feet. [demonic
                  | ancestry]
  1569 | D:2      | Reached XP level 4. HP: 32/36 MP: 4/4
  1822 | D:3      | Killed from afar by an orc wizard

Illustrated notes

Levels and vault maps discovered:
D:1:      minmay_arrival_widening_spiral_wide, layout_basic,
          minmay_tree_intersection, minmay_misc_feat_alley
D:2:      layout_basic, shapermc_ecumenical_altar_mp_highgroup,
          chequers_serial_rivers_marsh, uniq_terence
D:3:      layout_basic, serial_aquarium, aquarium_bridge_square
          [aquarium_subvault_window, aquarium_subvault_bridge,
          aquarium_subvault_window, aquarium_subvault_wall], aquarium_window_1,
          aquarium_window_2, aquarium_window_3, aquarium_window_double,
          aquarium_view_2c, aquarium_pool_S, uniq_robin

Skill      XL: |  1  2 |
---------------+-------+-----
Long Blades    | 2 |  2.5
Shields        | 3 |  3.3
Armour         | 3 |  3.2
Fighting       | |  3.6

Action                     |  1- 3 |  4- 6 || total
---------------------------+-------+-------++-------
  Melee: Long sword        |   143 |    22 ||   165
         Kick              |       |     3 ||     3
 Armour: Scale mail        |    65 |    21 ||    86
  Dodge: Dodged            |    61 |     9 ||    70
  Block: Buckler           |    34 |     1 ||    35

Table legend: (Time is in decaauts)
 A = Elapsed time spent in this place.
 B = Non-inter-level travel time spent in this place.
 C = Inter-level travel time spent in this place.
 D = Time resting spent in this place.
 E = Time spent auto-exploring this place.
 F = Levels seen in this place.
 G = Mean time per level.
                   A        B        C        D        E       F      G
               +--------+--------+--------+--------+--------+-----+--------+
         Total |   1877 |   1827 |     50 |    122 |   1318 |   3 |  625.7 |
       Dungeon |   1877 |   1827 |     50 |    122 |   1318 |   3 |  625.7 |
               +--------+--------+--------+--------+--------+-----+--------+

Top non-repeatable levels by time:
     D:1: 948 daAuts
     D:2: 892 daAuts
     D:3: 37 daAuts
